 Dungeon Crawl Stone Soup version 0.30.1-11-g7821555f0a (webtiles) character file.

Game seed: 18213484002139347528

1205 growler the Zephyrmancer (level 8, -1/46 HPs)
             Began as a Tengu Air Elementalist on Oct 29, 2023.
             Was an Initiate of Hepliaklqana.
             Succumbed to a scorpion's poison
             ... on level 6 of the Dungeon.
             The game lasted 00:11:33 (5591 turns).

growler the Zephyrmancer (Tengu Air Elementalist)   Turns: 5591, Time: 00:11:34

Health: -1/46      AC:  2    Str:  6 (9)  XL:     8   Next: 45%
Magic:  2/17       EV: 14    Int: 15 (18) God:    Hepliaklqana [......]
Gold:   298        SH:  0    Dex: 13 (14) Spells: 8/18 levels left

rFire   + . .        F - +1 dagger (vamp)
rCold   . . .        (no shield)
rNeg    . . .        a - +0 robe
rPois   .            (helmet restricted)
rElec   .            (no cloak)
rCorr   .            (no gloves)
SInv    .            (boots unavailable)
Will    .....        (no amulet)
Stlth   ++           y - ring of wizardry
HPRegen 0.27/turn    A - ring of protection from fire
MPRegen 0.15/turn

%: wizardry (x1)
@: lethally poisoned (-1 -> -6), flying quickly and evasively, quick
A: beak, talons 3, nimble flight
a: Renounce Religion


You were on level 6 of the Dungeon.
You worshipped Hepliaklqana.
Hepliaklqana was noncommittal.
You visited 2 branches of the dungeon, and saw 7 of its levels.

You collected 298 gold pieces.

Inventory:

Hand Weapons
 B - a +0 rapier
 F - a +1 vampiric dagger (weapon)
Armour
 a - a +0 robe (worn)
 g - a +1 buckler
Jewellery
 t - a +6 ring of strength
 y - a ring of wizardry (left hand)
 A - a ring of protection from fire (right hand)
Wands
 w - a wand of roots (4)
 x - a wand of flame (60)
 D - a wand of mindburst (11)
Scrolls
 d - a scroll of acquirement {unknown}
 f - a scroll of enchant weapon {unknown}
 i - a scroll of blinking {unknown}
 j - a scroll of vulnerability
 l - 3 scrolls of teleportation
 m - a scroll of fear {unknown}
 p - a scroll of fog {unknown}
 q - a scroll of summoning
 r - 2 scrolls of magic mapping
 u - a scroll of immolation {unknown}
 C - a scroll of brand weapon {unknown}
 E - a scroll of enchant armour
Potions
 b - a potion of magic
 c - 2 potions of might {unknown}
 h - 2 potions of ambrosia
 k - 2 potions of flight
 n - 4 potions of degeneration
 o - 2 potions of cancellation {unknown}
 s - a potion of mutation
 v - 3 potions of curing {unknown}
 z - 3 potions of brilliance


   Skills:
 + Level 3.0 Fighting
 - Level 2.1 Dodging
 - Level 2.0 Stealth
 + Level 5.5 Spellcasting
 - Level 6.0 Conjurations
 + Level 8.5 Air Magic


You had 8 spell levels left.
You knew the following spells:

 Your Spells              Type           Power      Damage    Failure   Level
a - Shock                 Conj/Air       100%       1d9       1%          1
b - Static Discharge      Conj/Air       50%        2-5/arc   1%          2
c - Swiftness             Air            29%        N/A       1%          3
d - Airstrike             Air            14%        2d(3-19)  1%          4

Your spell library contained the following spells:

 Spells                   Type           Power      Damage    Failure   Level
 Momentum Strike          Conj/Tloc      26%        3d8       2%          2
 Blink                    Tloc           8%         N/A       10%         2
 Lesser Beckoning         Tloc           8%         N/A       10%         2


Dungeon Overview and Level Annotations

Branches:
Dungeon (6/15)             Temple (1/1) D:5

Altars:
Dithmenos
Elyvilon
Fedhas
Hepliaklqana
Nemelex Xobeh
Okawaru
Qazlal
Ru
Trog
Wu Jian
Xom
The Shining One

Shops:
D:1 =


Innate Abilities, Weirdness & Mutations

You have a beak for a mouth.
You have claws for feet.
Your magical nature lets you fly swiftly and evasively.


Message History

* * * LOW HITPOINT WARNING * * *
Unknown command.
You hit the hound.
You feel better.
Your kick misses the hound. You peck the hound.
The hound is almost dead.
The hound closely misses you. The hound bites you but does no damage.
You hit the hound.
You kill the hound!
You hear the brisk rusting of a very distant drain.
Your Fighting skill increases to level 3!
You hit the scorpion but do no damage.
You peck the scorpion, but do no damage.
The scorpion is lightly wounded.
The scorpion stings you.
* * * LOW HITPOINT WARNING * * *
The scorpion stings you.
* * * LOW HITPOINT WARNING * * *
You are lethally poisoned!
The scorpion poisons you!
You barely miss the scorpion. Your kick misses the scorpion.
You peck the scorpion, but do no damage.
The scorpion is lightly wounded.
* * * LOW HITPOINT WARNING * * *
You feel very sick. The scorpion stings you.
* * * LOW HITPOINT WARNING * * *
You completely miss the scorpion. You claw the scorpion.
The scorpion is moderately wounded.
* * * LOW HITPOINT WARNING * * *
You feel very sick. The scorpion stings you.
* * * LOW HITPOINT WARNING * * *
It was a potion of degeneration.
There was something very wrong with that liquid.
You feel weakened.
You feel dopey.
You feel clumsy.
* * * LOW HITPOINT WARNING * * *
You feel sick. The scorpion barely misses you.
It was a potion of flight.
You feel more buoyant.
You die...

*,,,,,,,+,**,#.#.........,****,*
,,,,,,,,****,#...........,,,,,,*
+,,,,,,,+,,,,####...##.##*******
*,,,,,,,****** #...#*[#
********* ##...#*,#******* *
******** #....+,,,,,,,,,*
*,,,,,,** #....#*,******,*
*,,,,,,,* #....#*,* *,*
*,,,,,,,* #@####*,******,**
*,,,,,,,* ##s#####,**,,,,,,*
*,,,,,,,***#......#,**,***,,*
**,,,,,,+,,#.)....#,**,* *,,*
*,**,,,**,#......#,**,***,,*
*,*******,#.........,,,,,,,* *,*
*,#.........,,,,,,,* *****,*
*,#.......##*,****** ,,,,,,*
*,#......)# *,*


You could see a scorpion.

Vanquished Creatures
  A water moccasin (D:5)
  2 ice beasts
  3 centaurs
  2 ogres
  2 scorpions (D:5)
  2 hounds
  2 jellies
  A gnoll bouda (D:4)
  An iguana (D:4)
  9 adders
  3 ufetubi
  2 worms
  2 dart slugs
  17 orcs
  6 ball pythons
  9 endoplasms
  3 giant cockroaches
  5 goblins
  9 hobgoblins
  4 jackals (D:3)
  5 quokkas
  5 bats
  A frilled lizard (D:1)
  6 kobolds
102 creatures vanquished.

Notes
Turn   | Place    | Note
-------+----------+-------------------------------------------
     0 | D:1      | growler the Tengu Air Elementalist began the quest for the
                  | Orb.
     0 | D:1      | Reached XP level 1. HP: 10/10 MP: 4/4
    72 | D:1      | Found Zyarulau's Jewellery Boutique.
   111 | D:1      | Found a faded altar of an unknown god.
   260 | D:1      | Reached XP level 2. HP: 15/15 MP: 0/6
  1039 | D:2      | Reached XP level 3. HP: 11/19 MP: 0/7
  1042 | D:2      | Learned a level 2 spell: Static Discharge
  1046 | D:2      | Learned a level 3 spell: Swiftness
  1613 | D:2      | Reached XP level 4. HP: 24/24 MP: 1/9
  1831 | D:2      | Found a glowing golden altar of the Shining One.
  2018 | D:2      | Reached skill level 5 in Air Magic
  2741 | D:4      | Gained mutation: Your magical nature lets you fly swiftly
                  | and evasively. [Tengu growth]
  2741 | D:4      | Reached XP level 5. HP: 15/28 MP: 0/10
  2881 | D:4      | Learned a level 4 spell: Airstrike
  3427 | D:4      | Noticed an ogre
  3443 | D:4      | Killed an ogre
  3444 | D:4      | Reached skill level 6 in Air Magic
  3444 | D:4      | Reached XP level 6. HP: 32/32 MP: 3/12
  4045 | D:5      | Entered Level 5 of the Dungeon
  4139 | D:5      | Reached skill level 5 in Conjurations
  4280 | D:5      | Reached XP level 7. HP: 22/36 MP: 0/14
  4405 | D:5      | Found a staircase to the Ecumenical Temple.
  4417 | Temple   | Entered the Ecumenical Temple
  4700 | D:5      | Reached skill level 7 in Air Magic
  4794 | D:5      | Reached skill level 1 in Fighting
  4987 | D:5      | Reached skill level 5 in Spellcasting
  4987 | D:5      | Reached XP level 8. HP: 44/44 MP: 6/16
  5185 | D:5      | Found a sparkling altar of Nemelex Xobeh.
  5433 | D:6      | Found a hazy altar of Hepliaklqana.
  5438 | D:6      | Reached skill level 8 in Air Magic
  5442 | D:6      | Became a worshipper of Hepliaklqana the Forgotten
  5589 | D:6      | HP: 2/46 [scorpion (1)]
  5591 | D:6      | Succumbed to a scorpion's poison

Illustrated notes

Levels and vault maps discovered:
D:1:      minmay_arrival_four_houses, layout_basic, basic_ecumenical_altar,
          serial_shops, shop
D:2:      layout_loops_ring, basic_altar, guppyfry_early_lair_pool
D:3:      layout_rooms
D:4:      layout_cave_pods, serial_glass, glass_columns_b, glass_columns_b,
          minmay_strange_pillars, minmay_strange_pillars, due_unseen_surprise,
          dk_noncrumbling_3, minmay_joined_circles
D:5:      layout_rooms, mainiacjoe_overflow_alcove_2, temple_green, minmay_bent
D:6:      layout_basic, nicolae_overflow_hidden_temple,
          nicolae_hepliaklqana_hazy_memory, old_standard_altar,
          portal_sewer_entry_b
Temple:   nicolae_temple_bog_church

Skill      XL: |  1  2  3  4  5  6  7  8 |
---------------+-------------------------+-----
Conjurations   | 2 3 4 5 6 |  6.0
Air Magic      | 5 6 7 8 |  8.5
Spellcasting   | 3 4 5 |  5.5
Fighting       | 1 3 |  3.0
Dodging        | |  2.1
Stealth        | |  2.0

Action                     |  1- 3 |  4- 6 |  7- 9 || total
---------------------------+-------+-------+-------++-------
  Melee: Unarmed           |     5 |     1 |       ||     6
         Kick              |     3 |     1 |     7 ||    11
         Peck              |     1 |     1 |     8 ||    10
         Dagger            |       |       |    25 ||    25
   Cast: Shock             |    84 |    88 |    42 ||   214
         Static Discharge  |     1 |    13 |     4 ||    18
         Airstrike         |       |     6 |    12 ||    18
    Use: Scroll            |       |     5 |     5 ||    10
         Potion            |       |     1 |     2 ||     3
 Armour: Robe              |     4 |     4 |     2 ||    10
  Dodge: Dodged            |     2 |     8 |    36 ||    46
